 Dungeon Crawl Stone Soup version 0.30.1-9-gdf580d7c3d (webtiles) character file.

Game seed: 740773330757800668

116 Moox the Cutter (level 5, -3/34 HPs)
             Began as an Octopode Gladiator on Oct 19, 2023.
             Killed from afar by Crazy Yiuf (9 damage)
             ... with a bolt of light
             ... while petrified by Crazy Yiuf
             ... on level 3 of the Dungeon on Oct 20, 2023.
             The game lasted 00:10:27 (1508 turns).

Moox the Cutter (Octopode Gladiator)                Turns: 1508, Time: 00:10:27

Health: -3/34      AC:  2    Str: 13    XL:     5   Next: 1%
Magic:  5/5        EV:  2    Int: 11    God:
Gold:   128        SH:  0    Dex: 15    Spells: 2/4 levels left

rFire   . . .        a - +0 rapier
rCold   . . .        (no shield)
rNeg    + + +        b - +1 hat
rPois   ∞            (no amulet)
rElec   .            e - ring of wizardry
rCorr   .            f - ring of positive energy
SInv    .            (no ring)
Will    .....        (no ring)
Stlth   +++          (no ring)
HPRegen 0.25/turn    (no ring)
MPRegen 0.09/turn    (no ring)
                     (no ring)

%: wizardry (x1)
@: petrified
A: almost no armour, amphibious, 8 rings, camouflage 1, gelatinous body 1,
(nimble swimmer 1), tentacles
a: no special abilities


You were on level 3 of the Dungeon.
You visited 1 branch of the dungeon, and saw 3 of its levels.

You collected 128 gold pieces.

Inventory:

Hand Weapons
 a - a +0 rapier (weapon)
Missiles
 c - 3 throwing nets
 j - a curare-tipped dart (quivered)
 o - a javelin
Armour
 b - a +1 hat (worn)
Jewellery
 e - a ring of wizardry (left tentacle)
 f - a ring of positive energy (right tentacle)
Scrolls
 g - a scroll of enchant weapon {unknown}
 l - a scroll of identify {unknown}
Potions
 d - a potion of heal wounds {unknown}
 h - 6 potions of curing
 k - a potion of resistance {unknown}
 m - a potion of brilliance
 n - a potion of flight {unknown}
 p - a potion of degeneration {unknown}


   Skills:
 - Level 2.0 Fighting
 + Level 4.9 Short Blades
 - Level 2.0 Throwing
 - Level 3.0 Dodging
 - Level 3.0 Stealth


You had 2 spell levels left.
You knew the following spells:

 Your Spells              Type           Power      Damage    Failure   Level
a - Ensorcelled Hibernat  Hex/Ice        0%         N/A       21%         2

Your spell library contained the following spells:

 Spells                   Type           Power      Damage    Failure   Level
 Spider Form              Tmut/Pois      0%         N/A       38%         3
 Anguish                  Hex/Necr       0%         N/A       77%         4


Dungeon Overview and Level Annotations

Branches:
Dungeon (3/15)

Altars:

Annotations:
D:3 Crazy Yiuf


Innate Abilities, Weirdness & Mutations

You cannot wear most types of armour.
You are amphibious.
You can wear up to eight rings at the same time.
Your skin changes colour to match your surroundings (Stealth+).
Your rubbery body absorbs attacks. (AC +1, EV +1)
((You are camouflaged when in or above water. (Stealth+)))
You have tentacles for arms and can constrict up to eight enemies at once.


Message History

Press: ? - help, Q - select action, (/) - cycle Shift-Dir - straight line, f - Crazy Yiuf
Aim: Crazy Yiuf, wielding a +2 quarterstaff of chaos, wearing a +0 cloak of poison resistance and carrying a wand of light (7) (64% to hit)
You throw a curare-tipped dart.
The curare-tipped dart closely misses Crazy Yiuf.
Crazy Yiuf grits, "Line!"
Throw: 3 darts (curare)
Press: ? - help, Q - select action, (/) - cycle Shift-Dir - straight line, f/p - Crazy Yiuf
Aim: Crazy Yiuf, wielding a +2 quarterstaff of chaos, wearing a +0 cloak of poison resistance and carrying a wand of light (7) (64% to hit)
You throw a curare-tipped dart.
The curare-tipped dart closely misses Crazy Yiuf.
Crazy Yiuf zaps a wand.
The bolt of light misses you.
Unknown command.
Throw: 2 darts (curare)
Press: ? - help, Q - select action, (/) - cycle Shift-Dir - straight line, f/p - Crazy Yiuf
Aim: Crazy Yiuf, wielding a +2 quarterstaff of chaos, wearing a +0 cloak of poison resistance and carrying a wand of light (6) (64% to hit)
You throw a curare-tipped dart. The curare-tipped dart hits Crazy Yiuf.
Unknown command.
Unknown command.
You hit Crazy Yiuf but do no damage. Your grab misses Crazy Yiuf.
Crazy Yiuf zaps a wand.
The bolt of light misses you.
You hit Crazy Yiuf. Your grab misses Crazy Yiuf.
Crazy Yiuf is lightly wounded.
Crazy Yiuf hits you with a +2 quarterstaff of chaos!
You are slowing down.
Okay, then.
It was a potion of curing.
You feel better.
Crazy Yiuf hits you with a +2 quarterstaff of chaos!
Crazy Yiuf burns you.
Your limbs are stiffening.
As you read the scroll labelled VIRPHO VYUGUGEDGH, it crumbles to dust.
It is a scroll of enchant armour.
Your +0 hat glows green for a moment.
Crazy Yiuf barely misses you.
Crazy Yiuf zaps a wand.
The bolt of light hits you!!
* * * LOW HITPOINT WARNING * * *
You have turned to stone.
Crazy Yiuf hits you with a +2 quarterstaff of chaos.
* * * LOW HITPOINT WARNING * * *
Crazy Yiuf freezes you.
* * * LOW HITPOINT WARNING * * *
Crazy Yiuf zaps a wand.
The bolt of light hits you!!
You die...

#. #... #..# #..#
#..#######
#...#..#.### ###
#.......#.@##...#
#
##......####g(...#
######....#.##
###..(#
#...#..###### ###
#...#.## #...#.#
...)'.# ....###
..>.#


You could see Crazy Yiuf.

Vanquished Creatures
  Natasha (D:2)
  4 adders (D:2)
  2 orcs (D:2)
  4 ball pythons
  4 bats
  5 endoplasms
  6 goblins
  3 hobgoblins
  6 jackals (D:1)
  A quokka (D:1)
  5 frilled lizards
  3 kobolds
  8 rats
52 creatures vanquished.

Notes
Turn   | Place    | Note
-------+----------+-------------------------------------------
     0 | D:1      | Moox the Octopode Gladiator began the quest for the Orb.
     0 | D:1      | Reached XP level 1. HP: 14/14 MP: 1/1
   140 | D:1      | Reached skill level 1 in Stealth
   156 | D:1      | Reached XP level 2. HP: 19/19 MP: 2/2
   274 | D:1      | Found a faded altar of an unknown god.
   409 | D:1      | Reached XP level 3. HP: 23/24 MP: 3/3
   953 | D:2      | Reached skill level 4 in Short Blades
  1107 | D:2      | Reached XP level 4. HP: 29/29 MP: 4/4
  1196 | D:2      | Learned a level 2 spell: Ensorcelled Hibernation
  1295 | D:2      | Noticed Natasha
  1304 | D:2      | Killed Natasha
  1424 | D:3      | Reached XP level 5. HP: 34/34 MP: 5/5
  1493 | D:3      | Found a runed translucent door.
  1494 | D:3      | Noticed Crazy Yiuf
  1508 | D:3      | Killed from afar by Crazy Yiuf

Illustrated notes

Levels and vault maps discovered:
D:1:      co_arrival_square_in_a_square_in_a_square, layout_loops_cross,
          hellmonk_ecumenical_altar_dog_temple, serial_bayou_pond_b,
          st_stairs_12
D:2:      layout_loops_cross, minmay_pentomino_w4, uniq_natasha
D:3:      layout_basic, worldfamousw_hep_ancestral_shrine, serial_shops, shop,
          gup_sewer_entry_bowl, uniq_robin, uniq_crazy_yiuf_cottage

Skill      XL: |  1  2  3 |
---------------+----------+-----
Stealth        | 1 2 3 |  3.0
Short Blades   | 4 |  4.9
Fighting       | |  2.0
Throwing       | |  2.0
Dodging        | |  3.0

Action                     |  1- 3 |  4- 6 || total
---------------------------+-------+-------++-------
  Melee: Rapier            |    59 |    20 ||    79
         Constrict         |    17 |     3 ||    20
         Tentacles         |    10 |     2 ||    12
  Throw: Javelin           |     1 |     1 ||     2
         Dart              |     2 |     6 ||     8
    Use: Scroll            |       |     1 ||     1
         Potion            |       |     1 ||     1
   Stab: Sleeping          |    11 |     3 ||    14
 Armour: Skin              |     3 |     1 ||     4
  Dodge: Dodged            |    39 |    10 ||    49
